 Dungeon Crawl Stone Soup version 0.26.1-11-gd32895ea62 (webtiles) character file.

Game seed: 14282380841027092823

48 DildoBatman the Conjurer (level 4, -2/30 HPs)
             Began as a Formicid Conjurer on May 13, 2021.
             Slain by a frilled lizard (3 damage)
             ... on level 4 of the Dungeon.
             The game lasted 00:01:45 (915 turns).

DildoBatman the Conjurer (Formicid Conjurer)         Turns: 915, Time: 00:01:45

Health: -2/30      AC:  2    Str: 12    XL:     4   Next: 0%
Magic:  5/7        EV: 12    Int: 18    God:
Gold:   78         SH:  0    Dex:  9    Spells: 4/7 levels left

rFire    . . .     SeeInvis +   b - +1 dagger (venom)
rCold    . . .     Faith    .   (no shield)
rNeg     . . .     Spirit   .   a - +0 robe
rPois    .         Reflect  .   (helmet unavailable)
rElec    .         Harm     .   (no cloak)
rCorr    .         Rampage  .   (no gloves)
Will     .....                  (no boots)
Stlth    ++........             (no amulet)
HPRegen  0.10/turn              (no ring)
MPRegen  0.10/turn              (no ring)

@: no status effects
A: permanent stasis, dig shafts and tunnels, four strong arms, antennae 3
a: Dig, Shaft Self


You were on level 4 of the Dungeon.
You visited 1 branch of the dungeon, and saw 3 of its levels.

You collected 78 gold pieces.

Inventory:

Hand Weapons
 b - a +1 dagger of venom (weapon)
Missiles
 c - 17 bolts
 d - 19 stones
 g - 36 arrows
Armour
 a - a +0 robe (worn)
Scrolls
 e - a scroll of teleportation {unknown}
Potions
 f - a potion of curing {unknown}


   Skills:
 - Level 1.7 Dodging
 - Level 2.4 Stealth
 - Level 2.1 Spellcasting
 * Level 4.8 Conjurations


You had 4 spell levels left.
You knew the following spells:

 Your Spells              Type           Power        Failure   Level
a - Searing Ray           Conj           38%          3%          2
c - Magic Dart            Conj           76%          2%          1

Your spell library contained the following spells:

 Spells                   Type           Power        Failure   Level
 Dazzling Flash           Conj/Hex       20%          21%         3
 Fulminant Prism          Conj/Hex       5%           54%         4
 Iskenderun's Mystic Bla  Conj/Tloc      10%          54%         4


Dungeon Overview and Level Annotations

Branches:
Dungeon (2/15)

Altars:


Innate Abilities, Weirdness & Mutations

You cannot be hasted, slowed, berserked, paralysed or teleported.
You can dig through walls and to a lower floor.
Your four strong arms can wield two-handed weapons with a shield.
You have a pair of large antennae on your head. (SInv)


Message History

The frilled lizard barely misses you. What are your orders? t - Shout!
Orders for allies: a - Attack new target. r - Retreat! s - Stop attacking. g - Guard the area. f - Follow me.
Anything else - Cancel.
You shout for attention!
The quokka skeleton closely misses you. The frilled lizard closely misses you.
What are your orders? t - Shout!
Orders for allies: a - Attack new target. r - Retreat! s - Stop attacking. g - Guard the area. f - Follow me.
Anything else - Cancel.
You shout for attention!
The quokka skeleton bites you. The frilled lizard bites you.
You die...

###.#.
...#. ....
... . ..
#.. #.
....(#Z##
#...@#
##..l#
.......
....#...<.
...
....#.$ ##
.....#.##
##....#..
#..... ..


You could see a frilled lizard and a quokka skeleton.

Vanquished Creatures
  A hound skeleton (D:2)
  An adder (D:2)
  A worm (D:2)
  A dart slug (D:1)
  3 giant cockroaches
  3 hobgoblins (D:1)
  2 bats (D:1)
  5 frilled lizards (D:1)
  3 goblins (D:1)
  3 kobolds (D:1)
23 creatures vanquished.

Notes
Turn   | Place    | Note
-------+----------+-------------------------------------------
     0 | D:1      | DildoBatman the Formicid Conjurer began the quest for the
                  | Orb.
     0 | D:1      | Reached XP level 1. HP: 13/13 MP: 3/3
   264 | D:1      | Reached XP level 2. HP: 19/19 MP: 5/5
   315 | D:1      | Learned a level 2 spell: Searing Ray
   343 | D:1      | Reached skill level 4 in Conjurations
   630 | D:1      | Reached XP level 3. HP: 18/24 MP: 0/6
   881 | D:2      | Reached XP level 4. HP: 22/30 MP: 2/7
   883 | D:2      | You fall into a shaft and drop 2 floors!
   915 | D:4      | HP: 1/30 [quokka skeleton (2)]
   915 | D:4      | Slain by a frilled lizard

Illustrated notes

Levels and vault maps discovered:
D:1:      minmay_arrival_stone_box, layout_basic
D:2:      layout_basic, lemuel_crystal_altar
D:4:      layout_rooms, minmay_temple_entry_hall

Skill      XL: |  1  2 |
---------------+-------+-----
Conjurations   | 4 |  4.8
Dodging        | |  1.7
Stealth        | |  2.4
Spellcasting   | |  2.1

Action                   |  1- 3 |  4- 6 || total
-------------------------+-------+-------++-------
Melee: Dagger            |    22 |       ||    22
 Cast: Magic Dart        |    32 |       ||    32
       Searing Ray       |     2 |       ||     2
 Abil: Shaft Self        |       |     1 ||     1
Armor: Robe              |     4 |     4 ||     8
Dodge: Dodged            |    13 |    19 ||    32
